 Dungeon Crawl Stone Soup version 0.29.1-1-gd02db6906a (webtiles) character file.

Game seed: 1937145613637093431

133 tardwrangler69 the Digger (level 5, -5/31 HPs)
             Began as an Octopode Earth Elementalist on Oct 5, 2022.
             Slain by an orc priest
             ... wielding a +0 flail
              (8 damage)
             ... on level 3 of the Dungeon.
             The game lasted 00:04:23 (3837 turns).

tardwrangler69 the Digger (OpEE)                    Turns: 3837, Time: 00:04:23

Health: -5/31      AC:  1    Str:  7    XL:     5   Next: 16%
Magic:  4/10       EV: 13    Int: 20    God:
Gold:   46         SH:  0    Dex: 12    Spells: 10/11 levels left

rFire   . . .      SeeInvis .   i - +0 dagger (freeze)
rCold   . . .      Faith    .   (no shield)
rNeg    . . .      Spirit   .   (helmet restricted)
rPois   .          Reflect  .   (no amulet)
rElec   .          Harm     .   d - ring of resist corrosion
rCorr   +          Rampage  .   (no ring)
Will    .....                   (no ring)
Stlth   +++.......              (no ring)
HPRegen 0.10/turn               (no ring)
MPRegen 0.12/turn               (no ring)
                                (no ring)
                                (no ring)

@: no status effects
A: almost no armour, amphibious, 8 rings, camouflage 1, gelatinous body 1,
(nimble swimmer 1), tentacles
a: no special abilities


You were on level 3 of the Dungeon.
You visited 1 branch of the dungeon, and saw 3 of its levels.

You collected 46 gold pieces.

Inventory:

Hand Weapons
 i - a +0 dagger of freezing (weapon)
Jewellery
 d - a ring of resist corrosion (left tentacle)
Scrolls
 b - 4 scrolls of teleportation {unknown}
 e - a scroll of enchant armour {unknown}
 h - 2 scrolls of identify {unknown}
 j - a scroll of silence {unknown}
Potions
 a - 3 potions of magic
 c - a potion of degeneration {unknown}
 f - a potion of brilliance {unknown}
 g - 2 potions of might {unknown}
 k - a potion of haste {unknown}


   Skills:
 - Level 2.0 Dodging
 - Level 2.6 Stealth
 + Level 3.6 Spellcasting
 - Level 1.0 Transmutations
 + Level 4.5 Earth Magic


You had 10 spell levels left.
You knew the following spells:

 Your Spells              Type           Power      Damage    Failure   Level
a - Sandblast             Erth           42%        2d11      1%          1

Your spell library contained the following spells:

 Spells                   Type           Power      Damage    Failure   Level
 Passwall                 Tmut/Erth      11%        N/A       6%          2
 Magic Dart               Conj           12%        1d3       14%         1
 Stone Arrow              Conj/Erth      24%        3d8       16%         3
 Blink                    Tloc           6%         N/A       21%         2
 Call Imp                 Summ           3%         N/A       21%         2
 Lesser Beckoning         Tloc           3%         N/A       38%         3
 Mephitic Cloud           Conj/Pois/Air  3%         N/A       38%         3
 Petrify                  Tmut/Erth      14%        N/A       38%         4
 Manifold Assault         Tloc           3%         N/A       98%         5
 Storm Form               Tmut/Air       2%         N/A       100%        7


Dungeon Overview and Level Annotations

Branches:
Dungeon (3/15)

Altars:

Shops:
D:1 (


Innate Abilities, Weirdness & Mutations

You cannot wear most types of armour.
You are amphibious.
You can wear up to eight rings at the same time.
Your skin changes colour to match your surroundings (Stealth+).
Your rubbery body absorbs attacks. (AC +1, EV +1)
((You are camouflaged when in or above water. (Stealth+)))
You have tentacles for arms and can constrict up to eight enemies at once.


Message History

Confirm with . or Enter, or press ? or * to list all spells.
Aiming: Sandblast (safe; 1% risk of failure)
Press: ? - help, Shift-Dir - straight line, f/p - orc priest
Aim: an orc priest, wielding a +0 flail and wearing a +0 ring mail (85% to hit)
The blast of sand hits the orc priest but does no damage.
The orc priest hits you with a +0 flail.
Casting: Sandblast (safe; 1% risk of failure)
Confirm with . or Enter, or press ? or * to list all spells.
Aiming: Sandblast (safe; 1% risk of failure)
Press: ? - help, Shift-Dir - straight line, f/p - orc priest
Aim: an orc priest, wielding a +0 flail and wearing a +0 ring mail (85% to hit)
The blast of sand misses the orc priest.
The orc priest hits you with a +0 flail.
Casting: Sandblast (safe; 1% risk of failure)
Confirm with . or Enter, or press ? or * to list all spells.
Aiming: Sandblast (safe; 1% risk of failure)
Press: ? - help, Shift-Dir - straight line, f/p - orc priest
Aim: an orc priest, wielding a +0 flail and wearing a +0 ring mail (85% to hit)
The blast of sand hits the orc priest!
The orc priest is almost dead.
The orc priest hits you with a +0 flail!
The orc priest hits you with a +0 flail.
Casting: Sandblast (safe; 1% risk of failure)
Confirm with . or Enter, or press ? or * to list all spells.
Aiming: Sandblast (safe; 1% risk of failure)
Press: ? - help, Shift-Dir - straight line, f/p - orc priest
Aim: an orc priest, wielding a +0 flail and wearing a +0 ring mail (almost dead, 85% to hit)
The blast of sand misses the orc priest.
The orc priest hits you with a +0 flail!
* * * LOW HITPOINT WARNING * * *
Casting: Sandblast (safe; 1% risk of failure)
Confirm with . or Enter, or press ? or * to list all spells.
Aiming: Sandblast (safe; 1% risk of failure)
Press: ? - help, Shift-Dir - straight line, f/p - orc priest
Aim: an orc priest, wielding a +0 flail and wearing a +0 ring mail (almost dead, 85% to hit)
The blast of sand hits the orc priest but does no damage.
The orc priest is almost dead.
The orc priest casts a cantrip, but nothing happens.
The orc priest hits you with a +0 flail!
You die...

..+ ........##....#
..# #. .#...##....#
..# #.
..#.##....##### ###
#.. #.#.##....'...#
##..#.#.##....###.#
#...................
...###..###.#####.##
# #..# #.#
#..###@#.#.##
#.)....o....$.
#######.#######..#..
#................#
#o######o####### #
#o.........
o.oo#.#####.#
######.# #.#


You could see an orc priest.

Vanquished Creatures
  An orc wizard (D:2)
  2 adders (D:3)
  A worm (D:2)
  A dart slug (D:1)
  4 orcs (D:3)
  5 ball pythons
  6 bats
  10 endoplasms
  A giant cockroach (D:3)
  11 goblins
  5 hobgoblins
  4 jackals (D:1)
  4 quokkas
  6 frilled lizards
  6 kobolds
  3 rats
70 creatures vanquished.

Notes
Turn   | Place    | Note
-------+----------+-------------------------------------------
     0 | D:1      | tardwrangler69 the Octopode Earth Elementalist began the
                  | quest for the Orb.
     0 | D:1      | Reached XP level 1. HP: 11/11 MP: 3/3
   219 | D:1      | Reached XP level 2. HP: 14/17 MP: 0/5
   829 | D:1      | Reached XP level 3. HP: 21/21 MP: 4/6
  1051 | D:1      | Found Huta Ram's Weapon Shoppe.
  1939 | D:2      | Found a faded altar of an unknown god.
  2237 | D:2      | Reached skill level 4 in Earth Magic
  2237 | D:2      | Reached XP level 4. HP: 27/27 MP: 6/8
  3559 | D:3      | Reached XP level 5. HP: 28/31 MP: 7/10
  3837 | D:3      | Slain by an orc priest

Illustrated notes

Levels and vault maps discovered:
D:1:      minmay_arrival_wavy_path, layout_basic, serial_shops,
          nicolae_lakefront_shop, due_unseen_surprise
D:2:      layout_loops_ring, serial_co_window_serial, co_window_paths_b,
          co_window_corner_a, co_window_paths_a, co_window_paths_a,
          co_window_cross_1, co_window_corner_a, co_window_paths_b,
          co_window_broadway_b, co_window_paths_c, co_window_cross_2,
          co_window_unsneaky_path_b, co_window_2corner, co_window_cross_4,
          co_window_paths_e, glass_columns_b, glass_columns_c, glass_columns_c,
          glass_columns_a, basic_ecumenical_altar
D:3:      layout_basic, uniq_crazy_yiuf_cottage

Skill      XL: |  1  2  3 |
---------------+----------+-----
Spellcasting   | 3 |  3.6
Earth Magic    | 4 |  4.5
Dodging        | |  2.0
Stealth        | |  2.6
Transmutations | |  1.0

Action                   |  1- 3 |  4- 6 || total
-------------------------+-------+-------++-------
Melee: Unarmed           |    11 |       ||    11
       Constrict         |     5 |     2 ||     7
       Tentacles         |     1 |     1 ||     2
       Dagger            |       |     5 ||     5
 Cast: Sandblast         |    61 |    41 ||   102
 Stab: Sleeping          |       |     1 ||     1
Armor: Skin              |     8 |       ||     8
Dodge: Dodged            |    32 |     8 ||    40
